 Dungeon Crawl Stone Soup version 0.18.1-1-g2f07953 (webtiles) character file.

1447 moxian the Spear-Bearer (level 8, -1/84 HPs)
             Began as a Merfolk Skald on May 7, 2016.
             Was a Follower of the Shining One.
             Slain by an orc warrior
             ... wielding a +0 dire flail
              (22 damage)
             ... on level 7 of the Dungeon.
             The game lasted 00:30:51 (7170 turns).

moxian the Spear-Bearer (Merfolk Skald)             Turns: 7170, Time: 00:30:52

Health: -1/84      AC:  6    Str: 18    XL:     8   Next: 75%
Magic:  8/12       EV: 15    Int: 11    God:    the Shining One [*.....]
Gold:   239        SH:  0    Dex: 15    Spells: 4 memorised, 5 levels left

rFire  . . .     SeeInvis .     m - +0 halberd
rCold  . . .     Gourm    .     o - +0 leather armour (curse)
rNeg   . . .     Faith    .     (shield currently unavailable)
rPois  .         Spirit   .     g - +0 helmet
rElec  .         Dismiss  .     n - +0 cloak
rCorr  .         Reflect  .     r - +0 pair of gloves
SustAt .         Harm     .     (no boots)
MR     .....                    (no amulet)
Stlth  ..........               (no ring)
                                (no ring)

@: berserking, shrouded, slowed, glowing, not resistant to hostile enchantments,
extremely unstealthy
A: change form in water, swift swim
a: Renounce Religion


You were on level 7 of the Dungeon.
You worshipped the Shining One.
The Shining One was aware of your devotion.
You were not hungry.

You visited 1 branch of the dungeon, and saw 7 of its levels.
You also visited: Sewer.

You collected 239 gold pieces.

Inventory:

Hand Weapons
 a - a +0 spear
 b - a +0 hunting sling of flaming
 m - a +0 halberd (weapon)
Missiles
 e - 215 stones (quivered)
 l - a throwing net
Armour
 g - a +0 helmet (worn)
 n - a +0 cloak (worn)
 o - a cursed +0 leather armour (worn)
 r - a +0 pair of gloves (worn)
 s - a cursed +0 ring mail
 D - a troll hide {Purgy}
Wands
 w - a wand of slowing (21/48)
Scrolls
 h - a scroll of fog {unknown}
 j - a scroll of blinking {unknown}
 k - 2 scrolls of teleportation
 p - 2 scrolls of recharging {unknown}
 v - a scroll of enchant armour {unknown}
 x - 2 scrolls of amnesia {unknown}
 y - a scroll of remove curse {unknown}
 B - 2 scrolls of fear
 I - a scroll of enchant weapon {unknown}
Potions
 i - 5 potions of curing
 q - a potion of resistance
 t - 3 potions of lignification
 u - a potion of magic
 z - a potion of agility
 A - a potion of cancellation
 F - 2 potions of flight {unknown}
Comestibles
 d - 5 bread rations
 f - 2 chunks of flesh
 C - 2 meat rations
 G - a beef jerky
 H - a slice of pizza


   Skills:
 - Level 2.2 Fighting
 + Level 8.9 Polearms
 - Level 0.6 Armour
 - Level 6.2 Dodging
 - Level 3.0 Spellcasting
 - Level 6.4 Charms
 - Level 3.6 Translocations


You had 5 spell levels left.
You knew the following spells:

 Your Spells              Type           Power        Failure   Level  Hunger
a - Infusion              Chrm           ###.         2%          1    #......
b - Shroud of Golubria    Chrm/Tloc      ##........   8%          2    ###....
c - Spectral Weapon       Hex/Chrm       #.......     30%         3    ###....
d - Song of Slaying       Chrm           ###.....     3%          2    ###....


Dungeon Overview and Level Annotations

Branches:
Dungeon (7/15)
 Temple: D:4-7

Altars:
Gozag
Makhleb
Yredelemnul
Zin
The Shining One


Message History

The orc wizard is no longer moving quickly.
The orc wizard gestures wildly while chanting.
The orc wizard seems to speed up.
Your shroud bends the orc warrior's attack away!
The orc wizard barely misses you.
Drink which item? (? for menu, Esc to quit)
A red film seems to cover your vision as you go berserk!
You feel yourself moving faster!
You feel mighty!
The orc wizard casts a spell.
The orc wizard blinks!
The orc warrior misses you.
The crimson imp blinks!
The orc warrior hits you with a dire flail!
* * * LOW HITPOINT WARNING * * *
The crimson imp blinks!
You barely miss the orc warrior. The orc warrior closely misses you.
You hit the orc warrior.
The orc warrior is lightly wounded.
The orc wizard gestures wildly while chanting.
The orc wizard blinks!
The crimson imp blinks!
The orc warrior hits you with a dire flail!!
You die...

..........# #.#
########..#.######.#
...# #..#........#
##.#####..#######.<#
#.5.)....# #..#
########.# #.## #.#
#§# #o#######§#
#....§oo@.#
#########5# ###


You could see an orc warrior, an orc priest, an orc wizard and a crimson imp.

Vanquished Creatures
  Purgy (Sewer)
  A necrophage (D:6)
  A centaur (D:4)
  A big kobold (Sewer)
  3 giant frogs
  2 scorpions
  2 howler monkeys
  A jelly (D:5)
  A crimson imp (D:6)
  3 hounds
  3 orc wizards (D:2)
  4 orc priests
  An iguana (D:5)
  5 worker ants
  4 gnolls
  8 adders
  A howler monkey skeleton (D:5)
  A shadow imp (D:6)
  A worm (D:3)
  3 giant geckos
  27 orcs
  8 bats
  7 giant cockroaches
  8 goblins
  8 hobgoblins
  8 jackals
  2 quokkas
  4 ball pythons
  A ball python skeleton (D:4)
  A giant gecko skeleton (D:3)
  5 giant newts
  12 kobolds
  11 rats
149 creatures vanquished.

Notes
Turn   | Place    | Note
--------------------------------------------------------------
     0 | D:1      | moxian the Merfolk Skald began the quest for the Orb.
     0 | D:1      | Reached XP level 1. HP: 16/16 MP: 3/3
   172 | D:1      | Reached XP level 2. HP: 17/22 MP: 1/5
   180 | D:1      | Learned a level 2 spell: Shroud of Golubria
   463 | D:1      | Reached XP level 3. HP: 25/27 MP: 0/7
  1307 | D:2      | Reached XP level 4. HP: 18/33 MP: 8/8
  1867 | D:2      | Reached skill level 5 in Dodging
  1867 | D:2      | Reached XP level 5. HP: 20/38 MP: 0/9
  2892 | D:3      | Reached XP level 6. HP: 44/44 MP: 5/10
  3268 | D:4      | Found a glowing golden altar of the Shining One.
  3270 | D:4      | Noticed an angel
  3276 | D:4      | Became a worshipper of the Shining One
  3286 | D:4      | Found a basalt altar of Yredelemnul.
  3559 | D:4      | Reached skill level 5 in Charms
  3582 | D:4      | Found a glowing drain.
  3591 | Sewer    | Entered a sewer
  3768 | Sewer    | Reached XP level 7. HP: 50/50 MP: 11/11
  3776 | Sewer    | Noticed Purgy
  3814 | Sewer    | Killed Purgy
  4020 | D:4      | Reached skill level 1 in Translocations
  4430 | D:4      | Found a burning altar of Makhleb.
  4485 | D:4      | Reached XP level 8. HP: 43/56 MP: 3/12
  4710 | D:4      | Noticed a profane servitor
  5117 | D:5      | Entered Level 5 of the Dungeon
  5211 | D:4      | Reached skill level 4 in Polearms
  5424 | D:5      | Reached skill level 5 in Polearms
  5477 | D:5      | Learned a level 3 spell: Spectral Weapon
  5545 | D:5      | Learned a level 2 spell: Song of Slaying
  6260 | D:5      | Found a glowing silver altar of Zin.
  6261 | D:5      | Found an opulent altar of Gozag.
  6340 | D:5      | Reached skill level 6 in Polearms
  6484 | D:6      | Reached * piety under the Shining One
  6494 | D:6      | Reached skill level 7 in Polearms
  6723 | D:6      | Reached skill level 8 in Polearms
  7170 | D:7      | Slain by an orc warrior

Skill      XL: |  1  2  3  4  5  6  7  8 |
---------------+-------------------------+-----
Spellcasting   | 3 |  3.0
Dodging        | 3 5 6 |  6.2
Charms         | 4 5 6 |  6.4
Translocations | 3 |  3.6
Polearms       | 8 |  8.9
Fighting       | |  2.2
Armour         | |  0.6

Action                   |  1- 3 |  4- 6 |  7- 9 || total
-------------------------+-------+-------+-------++-------
Melee: Spear             |   111 |   221 |   255 ||   587
       Tailslap          |       |       |     3 ||     3
       Halberd           |       |       |    56 ||    56
 Fire: Hunting sling     |       |     4 |       ||     4
 Cast: Infusion          |    16 |    27 |    15 ||    58
       Shroud of Golubri |       |    12 |    17 ||    29
  Use: Scroll            |       |       |    10 ||    10
       Potion            |       |       |     1 ||     1
 Stab: Sleeping          |     1 |     1 |       ||     2
  Eat: Chunk             |     2 |     6 |    11 ||    19
       Bread ration      |       |     1 |       ||     1
Armor: Leather armour    |    14 |    49 |    66 ||   129
Dodge: Dodged            |    56 |   133 |   226 ||   415
